 Dungeon Crawl Stone Soup version 0.32-a0-42-ga30500b4d3 (console) character file.

Game seed: 2012883111477111

197310 petzl the Destroyer (level 19, -16/119 (144) HPs)
             Began as a Formicid Delver on Feb 1, 2024.
             Was the Champion of Vehumet.
             Killed from afar by Ottapith the Head Instructor (20 damage)
             ... with a bolt of devastation
             ... in a wizard's laboratory on Feb 2, 2024.
             The game lasted 05:08:45 (49005 turns).

petzl the Destroyer (Formicid Delver)              Turns: 49005, Time: 05:08:45

HP:   -16/119 (144) AC: 10    Str: 18    XL:     19   Next: 10%
MP:   0/36          EV: 14    Int: 17    God:    Vehumet [******]
Gold: 2730          SH: 13    Dex: 15    Spells: 7/44 levels left

rFire   . . .        a - +1 orcbow (flame)
rCold   + . .        S - +2 buckler
rNeg    . . .        E - +2 leather armour {rPois}
rPois   +            (helmet unavailable)
rElec   +            P - scarf {+Inv}
rCorr   .            I - +1 pair of gloves
SInv    +            X - +0 pair of boots "Baptuga" {rElec}
Will    +....        Q - amulet "Femiumau" {Reflect rC+ Regen+ SH+5}
Stlth   ++++         B - +4 ring of slaying
HPRegen 1.19/turn    v - ring of willpower
MPRegen 0.25/turn

%: reflection
@: weak-willed, very slightly contaminated, heavily drained, invisible
A: permanent stasis, dig shafts and tunnels, antennae 3, four strong arms,
shaggy fur 1, subdued magic 1
}: 1/15 runes: barnacled
a: Dig, Renounce Religion, Evoke Invisibility


You were in a wizard's laboratory.
You worshipped Vehumet.
Vehumet was exalted by your worship.
You visited 9 branches of the dungeon, and saw 33 of its levels.
You also visited: Wizlab.

You collected 4208 gold pieces.
You spent 1478 gold pieces at shops.

Inventory:

Hand Weapons
 a - a +1 orcbow of flaming (weapon)
 b - the +10 long sword "Nanuss" {drain, rN+ Str+3 Dex-2}
   (You took it off a merfolk on level 3 of the Shoals)

   Str+3:     It affects your strength (+3).
   Dex-2:     It affects your dexterity (-2).
   rN+:       It protects you from negative energy.
 c - the +9 whip of the Dead {drain, +Blink rN+ Will+ Stlth-}
   (You took it off a gnoll on level 6 of the Dungeon)

   rN+:       It protects you from negative energy.
   Will+:     It increases your willpower.
   +Blink:    It lets you blink.
   Stlth-:    It makes you less stealthy.
 d - a +2 morningstar of holy wrath
 e - a +2 flail of protection
 q - a +3 lajatang of electrocution
 x - a +2 scimitar of electrocution
Missiles
 A - 3 throwing nets
 J - a curare-tipped dart
 W - 11 silver javelins
Armour
 E - a +2 leather armour of poison resistance (worn)
 I - a +1 pair of gloves (worn)
 P - a scarf of invisibility (worn)
 S - a +2 buckler (worn)
 X - the +0 pair of boots "Baptuga" (worn) {rElec}
   (You found it on level 10 of the Dungeon)

   rElec:     It insulates you from electricity.
Jewellery
 v - a ring of willpower (right hand)
 B - a +4 ring of slaying (left hand)
 H - a +4 ring of protection
 M - a ring of flight
 Q - the amulet "Femiumau" (around neck) {Reflect rC+ Regen+ SH+5}
   (You found it on level 1 of the Orcish Mines)

   [amulet of reflection]

   Reflect:   It reflects blocked missile attacks.
   rC+:       It protects you from cold.
   Regen+:    It increases your rate of health regeneration.
   SH+5:      It affects your SH (+5).
Wands
 f - a wand of digging (1)
 r - a wand of light (6)
 w - a wand of iceblast (18)
 G - a wand of polymorph (28)
 Y - a wand of charming (21)
Scrolls
 g - 3 scrolls of torment
 h - 4 scrolls of poison
 j - a scroll of enchant armour
 k - 4 scrolls of identify
 l - 2 scrolls of fog
 p - 3 scrolls of fear
 u - 3 scrolls of silence
 z - a scroll of brand weapon
 O - 3 scrolls of revelation
Potions
 i - 5 potions of brilliance
 n - 7 potions of curing
 s - 2 potions of lignification
 t - 3 potions of ambrosia
 C - 3 potions of enlightenment
 D - a potion of resistance
 N - 4 potions of heal wounds
 R - a potion of magic
Miscellaneous
 L - a box of beasts
 Z - a phial of floods


   Skills:
 + Level 11.3 Fighting
 - Level 3.0 Long Blades
 - Level 4.0 Maces & Flails
 + Level 9.1 Ranged Weapons
 - Level 8.5 Armour
 - Level 7.0 Dodging
 - Level 8.7 Stealth
 - Level 8.5 Shields
 + Level 13.4 Spellcasting
 * Level 13.6 Conjurations
 - Level 5.5 Necromancy
 + Level 8.2 Translocations
 - Level 6.0 Fire Magic
 + Level 5.9 Ice Magic
 + Level 4.2 Air Magic
 - Level 5.0 Earth Magic
 - Level 8.0 Alchemy
 + Level 10.6 Evocations


You had 7 spell levels left.
You knew the following spells:

 Your Spells              Type           Power      Damage    Failure   Level
a - Stone Arrow           Conj/Erth      66%        3d11      1%          3
b - Fireball              Conj/Fire      17%        3d9       1%          5
l - Freezing Cloud        Conj/Ice/Air   14%        6-21      1%          5
m - Mephitic Cloud        Conj/Alch/Air  31%        N/A       1%          3
o - Orb of Destruction    Conj           22%        9d8       6%          7
p - Passage of Golubria   Tloc           30%        N/A       2%          4
u - Sublimation of Blood  Necr           23%        N/A       1%          2
I - Ignite Poison         Fire/Alch      27%        N/A       1%          4
T - Olgreb's Toxic Radia  Alch           29%        N/A       1%          4

Your spell library contained the following spells:

 Spells                   Type           Power      Damage    Failure   Level
 Chain Lightning          Conj/Air       16%        3d21      100%        9
 Magic Dart               Conj           100%       1d8       0%          1
 Freeze                   Ice            96%        1d10      1%          1
 Necrotise                Necr           92%        1d8       1%          1
 Sandblast                Erth           42%        2d11      1%          1
 Sting                    Conj/Alch      100%       1d9       1%          1
 Cigotuvi's Dreadful Rot  Necr/Alch/Air  48%        N/A       1%          2
 Mercury Vapours          Alch/Air       48%        N/A       1%          2
 Dazzling Flash           Conj/Hex       52%        N/A       1%          3
 Frozen Ramparts          Ice            48%        1d8       1%          3
 Fugue of the Fallen      Necr           23%        N/A       1%          3
 Hailstorm                Conj/Ice       34%        3d8       1%          3
 Inner Flame              Hex/Fire       16%        N/A       1%          3
 Vampiric Draining        Necr           23%        2d7       1%          3
 Volatile Blastmotes      Fire/Tloc      54%        2d14      1%          3
 Brom's Barrelling Bould  Conj/Erth      33%        2d5       1%          4
 Irradiate                Conj/Alch      18%        3d17      1%          5
 Iskenderun's Battlesphe  Conj           44%        2d10      1%          5
 Ensorcelled Hibernation  Hex/Ice        32%        N/A       2%          2
 Passwall                 Erth           21%        N/A       2%          3
 Leda's Liquefaction      Alch/Erth      12%        N/A       4%          4
 Petrify                  Alch/Erth      25%        N/A       4%          4
 Starburst                Conj/Fire      17%        6d6       5%          6
 Summon Ice Beast         Ice/Summ       16%        N/A       6%          3
 Alistair's Intoxication  Alch           19%        N/A       7%          5
 Conjure Ball Lightning   Conj/Air       16%        3x3d6     8%          6
 Call Imp                 Summ           16%        N/A       11%         2
 Yara's Violent Unravell  Hex/Alch       9%         3d6       11%         5
 Dimensional Bullseye     Hex/Tloc       9%         N/A       13%         4
 Curse of Agony           Necr           23%        N/A       21%         5
 Anguish                  Hex/Necr       8%         N/A       22%         4
 Martyr's Knell           Necr/Summ      16%        N/A       22%         4
 Borgnjor's Vile Clutch   Necr/Erth      11%        N/A       22%         5
 Animate Armour           Summ/Erth      30%        N/A       26%         4
 Plasma Beam              Fire/Air       11%        2x1d22    34%         6
 Metabolic Englaciation   Hex/Ice        8%         N/A       52%         5
 Sculpt Simulacrum        Ice/Alch       13%        N/A       54%         6
 Silence                  Hex/Air        7%         N/A       65%         5
 Ozocubu's Refrigeration  Ice            12%        4d10      78%         7
 Summon Mana Viper        Hex/Summ       8%         N/A       91%         5
 Haunt                    Necr/Summ      8%         N/A       100%        7
 Summon Hydra             Summ           4%         N/A       100%        7
 Lehudib's Crystal Spear  Conj/Erth      16%        10d5      93%         8
 Borgnjor's Revivificati  Necr           11%        N/A       100%        8
 Discord                  Hex            4%         N/A       100%        8
 Ignition                 Fire           12%        3d6       100%        8
 Maxwell's Capacitive Co  Air            9%         ∞         100%        8
 Polar Vortex             Ice            12%        12d1*     100%        9
 Swiftness                Air            Unusable   N/A       N/A         3

Dungeon Overview and Level Annotations

Branches:
Dungeon (15/15)            Temple (1/1) D:6            Lair (5/5) D:10
 Shoals (4/4) Lair:3       Spider (1/4) Lair:3        Slime (0/5) Lair:5
    Orc (2/2) D:9             Elf (3/3) Orc:2        Vaults (1/5) D:13
 Depths (1/4) D:15         WizLab (1/1)

Altars:
Ashenzari
Cheibriados
Dithmenos
Elyvilon
Fedhas
Gozag
Hepliaklqana
Kikubaaqudgha
Makhleb
Nemelex Xobeh
Okawaru
Qazlal
Ru
Sif Muna
Trog
Uskayaw
Vehumet
Wu Jian
Xom
Yredelemnul
Zin
The Shining One
Jiyva

Shops:
D:10 (   D:12 *   Orc:2 *[([   Elf:3 :   Shoals:1 ?

Annotations:
D:11 exclusion: downstairs
D:13 2 transporters, Newt's ghost, journeyman GrMo
D:15 exclusion: downstairs
Lair:5 1 runed translucent door, exclusion: obsidian statue, pokeman's ghost, journeyman DEHW
Shoals:2 exclusion: downstairs, Mungiw's ghost, adept MiBe
Elf:3 exclusion: upstairs


Innate Abilities, Weirdness & Mutations

You cannot be hasted, slowed, berserked, paralysed or teleported.
You can dig through walls and to a lower floor.
You have a pair of large antennae on your head. (SInv)
Your four strong arms can wield two-handed weapons with a shield.
You are covered in fur. (AC +1)
Your spells are a little easier to cast, but a little less powerful.


Message History

Ottapith hits you with a +1 antimagic triple sword!
You feel your power leaking away.
Ottapith hits you with a +1 antimagic triple sword!!
* * * LOW HITPOINT WARNING * * *
You feel drained.
You fade into invisibility!
You are very lightly contaminated with residual magic.
You block the mana viper's attack. Ottapith closely misses you.
Ottapith barely misses you. You block the mana viper's attack.
The mana viper bites you.
* * * LOW HITPOINT WARNING * * *
You hear a snapping sound.
Ottapith closely misses you.
Ottapith hits you with a +1 antimagic triple sword!
* * * LOW HITPOINT WARNING * * *
You feel your power leaking away. The mana viper bites you!
* * * LOW HITPOINT WARNING * * *
Press: ? - help, v - describe, . - travel
Here: a mana viper (summoned)
The floor.
Unknown command.
Unknown command.
As you read the scroll of summoning, it crumbles to dust.
Wisps of shadow whirl around you... Ottapith casts a spell at you.
The bolt of devastation misses you. You block the mana viper's attack. x2
Press: ? - help, v - describe, . - travel
Here: Ottapith the Head Instructor, wielding two +1 antimagic triple swords and wearing a +1 plate armour of willpower (ally target)
The floor.
Unknown command.
Unknown command.
Unknown command.
Okay, then.
Unknown command.
Unknown command.
Unknown command.
You swap places.
Ottapith gestures at you while chanting.
The bolt of devastation hits you!!
Your willpower is stripped away!
You die...

..................##....♣
.*Q.§@......##....##...♣
#.♣.§§##............#..♣ ###
##...§§§##.....##...##..♣ ...
##........##..)..#....#..♣ ...
.##...#..#...##.....#...#..♣ #..
...#......#..#..♣......#..♣
.8#..##♣....P~~P....♣..♣..♣...♣).♣
.....)...#.P~~~~P.#..............♣
#......#.~~~~V~.#)^.)♣...).....♣
♣....~~~)~~....q.^####''####
#..#.P~~~~P.#.....#..#..#).# {
#...#.P~~P.#§....##..'..'..#
#♣........§§§§{§♣#####..####
#....#..#§.§§§.♣ #..'..+
#....♣..♣§.§§§## #..#).#
#...♣♣..♣♣V§§## ####..####
##..Z♣.S♣@S.## #..#..#..#
##....Z@pS## #..'..'..# ##......##
####..#### ##..p.## #.)'..'..#
#8ZZ8# #..#..#..# ##Z...##
########## ##......## ♣..∩..∩..♣
♣........♣ ##......## ##⌠..⌠##
######


You could see Ottapith the Head Instructor (ally target), a vampire mage, 2 mana
vipers, a friendly mana viper (summoned), a friendly necromancer (summoned), a
friendly arcanist (summoned), a friendly fire giant simulacrum (summoned), a
friendly deep elf sorcerer zombie (summoned), a friendly frost giant zombie
(summoned), a friendly raiju zombie (summoned) and a friendly vault warden
skeleton (summoned).

Vanquished Creatures
  Jorgrun (Shoals:1)
  A kraken (Shoals:4)
  Agnes (D:15)
  A tengu reaver (WizLab)
  A frost giant (Shoals:4)
  3 orc warlords
  The ghost of anacleto the Brawler, a journeyman TrSh of Qazlal (Lair:3)
  2 deep elf annihilators
  A stone giant (Depths:1)
  A dire elephant (Lair:5)
  An ettin (Depths:1)
  A deep elf high priest (Elf:1)
  The ghost of lucidstorm14 the Cleaver, a journeyman MiBe of Trog (Lair:2)
  An entropy weaver (shapeshifter) (D:15)
  5 merfolk javelineers
  8 merfolk impalers
  A rakshasa (D:15)
  4 hydras
  A spriggan air mage (WizLab)
  A vault guard (D:13)
  An ogre mage (WizLab)
  4 boulder beetles
  2 alligator snapping turtles
  5 centaur warriors
  5 merfolk aquamancers
  6 merfolk avatars
  2 catoblepae
  2 deep troll earth magi (Depths:1)
  3 satyrs
  A two-headed ogre (D:11)
  The ghost of audacious124 the Magician, a novice DsEE (D:8)
  8 dancing weapons
  2 hell knights (WizLab)
  2 orc high priests (Orc:2)
  13 deep elf knights
  6 occultists
  7 skysharks
  4 skeletal warriors
  A salamander mystic (WizLab)
  A spectral death yak (Lair:5)
  A spectral anaconda (Lair:5)
  5 mana vipers (WizLab)
  3 deep trolls (Depths:1)
  An arcanist (Elf:1)
  17 sea snakes
  9 deep elf archers
  5 harpies
  20 deep elf pyromancers
  3 orc knights (Orc:1)
  4 necromancers
  7 ugly things
  16 deep elf zephyrmancers
  9 fauns
  6 orc sorcerers
  16 manticores
  4 cyclopes
  An oklob plant (Lair:2)
  7 merfolk sirens
  5 black mambas
  5 kobold blastminers
  11 cane toads
  2 elephants (Lair:5)
  An eye of devastation (shapeshifter) (D:15)
  A torpor snail (Lair:1)
  8 water nymphs
  Maggie (D:7)
  3 rime drakes
  A yaktaur (Vaults:1)
  2 kobold demonologists (D:10)
  2 tengu conjurers
  9 komodo dragons
  32 merfolk
  9 trolls
  7 wind drakes
  2 hornets
  3 polar bears
  5 snapping turtles
  22 blink frogs
  9 dream sheep
  A meliai zombie (D:15)
  3 air elementals (Elf:1)
  54 yaks
  Eustachio (D:5)
  2 shadows
  8 water elementals
  4 basilisks
  17 wargs
  5 wyverns
  5 fire elementals
  3 vampire mosquitoes (D:13)
  5 redbacks (Spider:1)
  2 death yak simulacra (Lair:5)
  2 steam dragons
  3 swamp worms (Lair:2)
  2 acid dragons
  19 water moccasins
  55 orc warriors
  A sky beast (D:6)
  2 ice beasts
  4 laughing skulls
  9 ogres
  A boggart (Elf:1)
  3 elephant zombies (Lair:5)
  8 centaurs
  12 wolves
  A phantom (D:4)
  6 kobold brigands
  13 bullfrogs
  Blork the orc (D:4)
  3 scorpions
  7 gnoll sergeants
  An earth elemental (Elf:2)
  3 burial acolytes (D:7)
  4 wights
  A killer bee (D:8)
  4 elephant simulacra (Lair:5)
  8 howler monkeys
  3 centaur zombies
  7 jellies
  25 orc priests
  A human zombie (D:7)
  A bullfrog skeleton (D:7)
  6 gnoll boudas
  A hound (Temple)
  4 iguanas
  Ijyb (D:5)
  31 orc wizards
  A boggart skeleton (D:15)
  3 killer bee zombies (D:7)
  7 gnolls
  7 adders
  3 white imps
  2 ufetubi (Temple)
  4 ribbon worms
  3 dart slugs
  119 orcs
  6 ball pythons
  12 endoplasms
  6 giant cockroaches
  7 goblins
  8 hobgoblins
  4 jackals (D:3)
  20 kobolds
  3 quokkas
  A bat (D:3)
  3 frilled lizards (D:1)
  6 rats
  2 tentacles (Shoals:4)
977 creatures vanquished.

Vanquished Creatures (collateral kills)
  A harpy (Shoals:1)
  A merfolk (Shoals:1)
2 creatures vanquished.

Vanquished Creatures (others)
  A harpy (Shoals:1)
  A water elemental (Elf:1)
  A kobold brigand (D:9)
  An orc wizard (D:9)
  15 tentacles (Shoals:4)
19 creatures vanquished.

Grand Total: 998 creatures vanquished

Notes
Turn   | Place    | Note
-------+----------+-------------------------------------------
     0 | D:5      | petzl the Formicid Delver began the quest for the Orb.
     0 | D:5      | Reached XP level 1. HP: 18/18 MP: 1/1
    55 | D:6      | Noticed an ice beast
    70 | D:6      | Noticed a gnoll bouda
    85 | D:6      | Noticed a water moccasin
   443 | D:4      | Reached skill level 1 in Spellcasting
   487 | D:4      | Noticed an iguana
   528 | D:4      | Reached XP level 2. HP: 16/24 MP: 2/4
   620 | D:4      | Reached XP level 3. HP: 10/29 MP: 4/7
   802 | D:4      | Noticed a phantom
   860 | D:4      | Noticed Blork the orc
  1175 | D:2      | Reached XP level 4. HP: 35/35 MP: 8/8
  2107 | D:1      | Reached skill level 1 in Ranged Weapons
  2778 | D:3      | Reached XP level 5. HP: 30/42 MP: 10/10
  3171 | D:3      | Found an ornate altar of the Wu Jian Council.
  3277 | D:3      | Found a snail-covered altar of Cheibriados.
  3483 | D:3      | Found a basalt altar of Yredelemnul.
  3650 | D:3      | Found a white marble altar of Elyvilon.
  4005 | D:4      | Reached XP level 6. HP: 49/49 MP: 10/12
  4337 | D:4      | Killed Blork the orc
  4443 | D:5      | Noticed Eustachio
  4464 | D:5      | Gained mutation: You are covered in fur. (AC +1) [potion of
                  | mutation]
  4464 | D:5      | Gained mutation: Your spells are a little easier to cast,
                  | but a little less powerful. [potion of mutation]
  4567 | D:5      | Reached XP level 7. HP: 55/55 MP: 13/13
  4570 | D:5      | Reached skill level 5 in Fighting
  4743 | D:5      | Killed Eustachio
  4744 | D:5      | Reached skill level 5 in Spellcasting
  4750 | D:5      | Learned a level 4 spell: Olgreb's Toxic Radiance
  5158 | D:6      | Noticed a water moccasin
  5195 | D:5      | Noticed Ijyb
  5207 | D:5      | Killed Ijyb
  5208 | D:5      | Reached skill level 1 in Alchemy
  5312 | D:5      | Reached skill level 1 in Armour
  5312 | D:5      | Reached XP level 8. HP: 62/62 MP: 16/16
  5776 | D:6      | Found a staircase to the Ecumenical Temple.
  5794 | D:6      | Identified the +9 whip of the Dead {drain, +Blink rN+ Will+
                  | Stlth-}
  5838 | Temple   | Entered the Ecumenical Temple
  5910 | Temple   | Became a worshipper of Vehumet
  6311 | D:6      | Reached XP level 9. HP: 51/68 MP: 18/18
  6611 | D:6      | Reached skill level 5 in Alchemy
  7132 | D:7      | Noticed Maggie
  7280 | D:8      | Noticed audacious124's ghost (novice DsEE)
  7280 | D:8      | Found a runed translucent door.
  7444 | D:7      | Reached skill level 5 in Armour
  7979 | D:7      | Reached * piety under Vehumet
  7979 | D:7      | Offered knowledge of Magic Dart by Vehumet.
  7982 | D:7      | Learned a level 1 spell: Magic Dart
  8395 | D:7      | Reached skill level 1 in Conjurations
  8464 | D:7      | Killed Maggie
  8465 | D:7      | Reached XP level 10. HP: 74/74 MP: 20/20
  8525 | D:7      | Found an ancient bone altar of Kikubaaqudgha.
  8780 | D:8      | Reached skill level 1 in Evocations
  8796 | D:8      | Found a broken altar of Ashenzari.
  8969 | D:8      | Found a snail-covered altar of Cheibriados.
  8991 | D:8      | Reached ** piety under Vehumet
  8991 | D:8      | Offered knowledge of Foxfire by Vehumet.
  9303 | D:9      | Found a staircase to the Orcish Mines.
  9474 | D:9      | Reached skill level 5 in Ranged Weapons
  9477 | D:9      | Found a blossoming altar of Fedhas.
  9479 | D:9      | Offered knowledge of Inner Flame by Vehumet.
  9634 | D:9      | Identified a scroll of acquirement
  9635 | D:9      | Acquired 960 gold pieces
  9679 | D:9      | Found a shimmering blue altar of Sif Muna.
  9974 | D:10     | Entered Level 10 of the Dungeon
 10309 | D:10     | Found a sparkling altar of Nemelex Xobeh.
 10309 | D:10     | Found a hazy altar of Hepliaklqana.
 10326 | D:10     | Found a bloodstained altar of Trog.
 10326 | D:10     | Found a glowing silver altar of Zin.
 10443 | D:10     | Found Roumeal's Weapon Emporium.
 10474 | D:10     | Reached *** piety under Vehumet
 10475 | D:10     | Reached skill level 5 in Dodging
 10494 | D:10     | Found a staircase to the Lair.
 10507 | Lair:1   | Entered Level 1 of the Lair of Beasts
 10521 | D:10     | Reached XP level 11. HP: 79/79 MP: 16/22
 10691 | D:10     | Noticed a skeletal warrior
 10792 | D:11     | Noticed a purple ugly thing
 11487 | Lair:1   | Noticed a catoblepas
 11515 | Lair:2   | Noticed an oklob plant
 11673 | D:10     | Noticed a cyclops
 11739 | Orc:1    | Entered Level 1 of the Orcish Mines
 11855 | D:9      | Offered knowledge of Ignite Poison by Vehumet.
 11939 | D:9      | Learned a level 4 spell: Ignite Poison
 12527 | Orc:1    | Reached skill level 1 in Fire Magic
 12807 | Orc:1    | Reached **** piety under Vehumet
 12951 | Orc:1    | Noticed an orc knight
 12960 | Orc:1    | Killed an orc knight
 13250 | Orc:1    | Noticed an orc knight
 13255 | Orc:1    | Reached XP level 12. HP: 83/87 MP: 13/24
 13460 | Orc:1    | Offered knowledge of Arcjolt by Vehumet.
 13559 | Orc:1    | Noticed an orc warlord
 13724 | Orc:1    | Reached skill level 5 in Conjurations
 13800 | Orc:1    | Killed an orc warlord
 13958 | Orc:1    | Noticed an orc warlord
 14146 | Orc:1    | Identified the +0 sling of Destiny {drain, ^Contam rPois
                  | rC+++ Will-}
 14400 | Orc:1    | Killed an orc warlord
 14559 | Orc:1    | Identified the +4 quick blade "Itif" {venom, Int+2}
 14561 | Orc:1    | Identified the amulet "Femiumau" {Reflect rC+ Regen+ SH+5}
 14683 | Orc:1    | Got the Collected Works on the Hornet and Debased Arts
 14690 | Orc:1    | Got Haliaz Bioc's Quarto of the Band and Immolation
 14722 | Orc:2    | Entered Level 2 of the Orcish Mines
 14782 | Orc:2    | Found a bloodstained altar of Trog.
 14820 | Orc:2    | Reached ***** piety under Vehumet
 14860 | Orc:2    | Offered knowledge of Plasma Beam by Vehumet.
 14876 | Orc:1    | Learned a level 2 spell: Sublimation of Blood
 14883 | Orc:1    | Learned a level 6 spell: Plasma Beam
 14899 | Orc:2    | Found a staircase to the Elven Halls.
 15141 | Orc:2    | Noticed an orc high priest
 15170 | Orc:2    | Killed an orc high priest
 15265 | Orc:2    | Found Ryuwub's Assorted Antiques.
 15275 | Orc:2    | Bought a bound steel ring for 135 gold pieces
 15275 | Orc:2    | Identified the ring "Qazat" {Fly rN+ Will- Str+8 Int-5}
                  | (You bought it in a shop on level 2 of the Orcish Mines)
 15275 | Orc:2    | Bought a wand of iceblast (3) for 194 gold pieces
 15340 | Orc:2    | Reached skill level 1 in Necromancy
 15473 | Orc:2    | Reached skill level 5 in Fire Magic
 15515 | Orc:2    | Reached XP level 13. HP: 95/95 MP: 19/26
 15578 | Orc:2    | Found Rapsewyuti's Antique Armour Boutique.
 15913 | Orc:2    | Noticed an orc warlord
 16064 | Orc:2    | Killed an orc warlord
 16758 | Orc:2    | Found Nakon's Antique Armour Emporium.
 16762 | Orc:2    | Found Sozuhane's Antique Weapon Shoppe.
 16773 | Orc:2    | Bought a pair of glowing gloves for 165 gold pieces
 16820 | Orc:2    | Bought a glowing scarf for 216 gold pieces
 16854 | Orc:2    | Bought a blackened robe for 159 gold pieces
 16854 | Orc:2    | Identified the +0 robe of the Sea {rC+ rCorr Slay+3} (You
                  | bought it in a shop on level 2 of the Orcish Mines)
 16887 | Elf:1    | Entered Level 1 of the Elven Halls
 17066 | D:9      | Found a blossoming altar of Fedhas.
 17535 | D:10     | Offered knowledge of Orb of Destruction by Vehumet.
 17544 | D:10     | Learned a level 7 spell: Orb of Destruction
 17909 | D:10     | Reached skill level 1 in Shields
 18169 | D:10     | Reached skill level 10 in Spellcasting
 18495 | D:10     | Identified the +0 pair of boots "Baptuga" {rElec}
 19023 | Lair:1   | Killed a catoblepas
 19483 | Lair:2   | Identified the +0 leather armour "Nekhlimo" {Harm rElec}
 19604 | Lair:2   | Learned a level 3 spell: Stone Arrow
 19760 | Lair:2   | Found a runed translucent gate.
 19760 | Lair:2   | Noticed a 12-headed hydra
 19761 | Lair:2   | Found a runed translucent gate.
 19762 | Lair:2   | Found a runed translucent gate.
 19763 | Lair:2   | Noticed lucidstorm14's ghost (journeyman MiBe)
 19763 | Lair:2   | Noticed an 11-headed hydra
 19776 | Lair:2   | Reached skill level 1 in Earth Magic
 19776 | Lair:2   | Reached XP level 14. HP: 103/103 MP: 16/28
 19975 | Lair:2   | Identified the +7 short sword "Waomugit" {flame, rC+ Int+3
                  | Stlth+}
 20530 | Lair:3   | Found a staircase to the Shoals.
 20752 | Lair:3   | Reached skill level 5 in Shields
 20880 | Lair:3   | Noticed a minotaur
 20881 | Lair:3   | Noticed anacleto's ghost (journeyman TrSh)
 20913 | Lair:3   | Found a runed translucent gate.
 20913 | Lair:3   | Found a runed translucent gate.
 20913 | Lair:3   | Found a runed translucent gate.
 20914 | Lair:3   | Found a hole to the Spider Nest.
 20991 | Lair:3   | Offered knowledge of Bombard by Vehumet.
 21592 | Spider:1 | Entered Level 1 of the Spider Nest
 21625 | Spider:1 | Reached skill level 5 in Earth Magic
 21863 | Lair:5   | Entered Level 5 of the Lair of Beasts
 22014 | Lair:3   | Reached skill level 10 in Conjurations
 22963 | Lair:4   | Reached ****** piety under Vehumet
 23097 | Lair:5   | Found a staircase to the Slime Pits.
 23099 | Lair:5   | Found a viscous altar of Jiyva.
 23204 | Lair:5   | Reached XP level 15. HP: 97/108 MP: 15/30
 23523 | Lair:5   | Offered knowledge of Lee's Rapid Deconstruction by Vehumet.
 23734 | Lair:5   | Found a runed translucent door.
 23737 | Lair:5   | Noticed pokeman's ghost (journeyman DEHW)
 23738 | Lair:5   | Identified the +6 spear of the World {flame, rElec rF-
                  | Will+ rCorr}
 24936 | Shoals:1 | Entered Level 1 of the Shoals
 24964 | Shoals:1 | Noticed Jorgrun
 24976 | Shoals:1 | Killed Jorgrun
 25072 | Shoals:1 | Learned a level 4 spell: Passage of Golubria
 25217 | Shoals:1 | Reached skill level 1 in Translocations
 25792 | Shoals:1 | Reached skill level 5 in Evocations
 26363 | Shoals:1 | Found Bets's Magic Scroll Shop.
 26366 | Shoals:1 | Bought a scroll of identify for 36 gold pieces
 26366 | Shoals:1 | Bought a scroll of identify for 36 gold pieces
 28641 | Shoals:3 | Reached XP level 16. HP: 117/117 MP: 30/32
 28699 | Shoals:3 | Found a runed translucent door.
 28700 | Shoals:3 | Noticed Mungiw's ghost (adept MiBe)
 28738 | Shoals:4 | Entered Level 4 of the Shoals
 29603 | Shoals:4 | Reached skill level 5 in Translocations
 31109 | Shoals:3 | Offered knowledge of Fireball by Vehumet.
 31134 | Shoals:3 | Learned a level 5 spell: Fireball
 31142 | Shoals:3 | Got the Information on Alluring Toxicity
 31147 | Shoals:3 | Learned a level 3 spell: Mephitic Cloud
 31812 | Shoals:4 | Noticed a frost giant
 32402 | Shoals:4 | Identified the +10 long sword "Nanuss" {drain, rN+ Str+3
                  | Dex-2}
 32407 | Shoals:4 | Reached skill level 5 in Necromancy
 32990 | Shoals:4 | Reached skill level 1 in Long Blades
 33199 | Shoals:4 | Noticed a kraken
 33245 | Shoals:4 | HP: 4/113 [merfolk/+0 glaive[a merfolk impaler] (22)]
 33748 | Shoals:4 | Reached XP level 17. HP: 105/114 MP: 23/33
 34319 | Shoals:4 | Got a barnacled rune of Zot
 34411 | Shoals:4 | Killed a kraken
 35627 | Shoals:3 | You are sucked into a shaft and drop 1 floor!
 35703 | Shoals:3 | You are sucked into a shaft and drop 1 floor!
 36397 | Shoals:3 | You are sucked into a shaft and drop 1 floor!
 36544 | Shoals:2 | You are sucked into a shaft and drop 1 floor!
 36856 | D:8      | Killed audacious124's ghost
 36994 | Lair:2   | Offered knowledge of Freezing Cloud by Vehumet.
 37039 | D:10     | Learned a level 5 spell: Freezing Cloud
 37131 | Lair:2   | Killed lucidstorm14's ghost
 37229 | Lair:2   | Reached skill level 1 in Ice Magic
 37245 | Lair:2   | Identified the +1 long sword of Rott {heavy, rF- rC+ rN++
                  | Will+}
 37326 | Lair:3   | You fall into a shaft and drop 2 floors!
 37515 | Lair:3   | Killed anacleto's ghost
 38138 | D:11     | Reached skill level 1 in Air Magic
 39021 | D:12     | Reached skill level 10 in Fighting
 39249 | D:12     | Found Tetrosia's Assorted Antiques.
 39323 | D:12     | Bought a fuming golden potion for 24 gold pieces
 39324 | D:12     | Bought a potion of resistance for 270 gold pieces
 39324 | D:12     | Bought a shimmering scale mail for 243 gold pieces
 39324 | D:12     | Identified the +0 scale mail "Quremonive" {rElec Str-3
                  | Dex+2} (You bought it in a shop on level 12 of the Dungeon)
 39539 | D:12     | Found an iron altar of Okawaru.
 39771 | D:12     | You fall into a shaft and drop 1 floor!
 39844 | D:13     | Found a gate to the Vaults.
 39910 | D:13     | You fall into a shaft and drop 1 floor!
 40119 | D:14     | Got the Folio of Bewitching Blows
 40253 | D:13     | Found a transporter.
 40253 | D:13     | Found a transporter.
 40548 | D:13     | Noticed Newt's ghost (journeyman GrMo)
 41417 | Vaults:1 | Entered Level 1 of the Vaults
 41815 | D:15     | Entered Level 15 of the Dungeon
 42528 | D:15     | Offered knowledge of Eringya's Noxious Bog by Vehumet.
 43327 | D:15     | Found a staircase to the Depths.
 43379 | D:15     | Found an ancient bone altar of Kikubaaqudgha.
 43379 | D:15     | Noticed Agnes
 43391 | D:15     | Killed Agnes
 43606 | D:15     | Reached XP level 18. HP: 133/136 MP: 31/34
 43755 | Depths:1 | Entered Level 1 of the Depths
 45087 | Elf:1    | Reached skill level 10 in Evocations
 45882 | Elf:2    | Reached skill level 5 in Ice Magic
 47270 | Elf:1    | Identified the +0 rapier "Rudir" {heavy, rElec Dex+7}
 47783 | Elf:3    | Entered Level 3 of the Elven Halls
 47950 | Elf:2    | Identified the amulet of Umag {Spirit Harm Rampage *Corrode
                  | rF+}
 48023 | Elf:3    | Found Moupet's Book Shoppe.
 48113 | Elf:3    | Found a magical portal.
 48122 | WizLab   | Entered Yara's Duelist Academy
 48134 | WizLab   | Offered knowledge of Chain Lightning by Vehumet.
 48134 | WizLab   | Offered knowledge of Polar Vortex by Vehumet.
 48134 | WizLab   | Offered knowledge of Maxwell's Capacitive Coupling by
                  | Vehumet.
 48369 | WizLab   | Reached XP level 19. HP: 144/144 MP: 21/36
 48990 | WizLab   | Noticed Ottapith
 49003 | WizLab   | HP: 1/119 [mana viper[Ottapith the Head Instructor] (9)]
 49005 | WizLab   | Killed from afar by Ottapith the Head Instructor

Illustrated notes

Levels and vault maps discovered:
D:1:      ldierk_walled_garden_2, layout_basic
D:2:      layout_basic
D:3:      layout_basic, kennysheep_ying_yang, nicolae_wu_jian_wuxing_cycle,
          cheibriados_altar_1, minivault_25, nicolae_elevator_lobby_plus
D:4:      layout_gridville, uniq_blork_the_orc
D:5:      layout_layer_cave, minmay_crystal_water, uniq_ijyb, uniq_eustachio
D:6:      layout_layer_cave, minmay_temple_entry_enclosed_plants,
          cheibrodos_sewer_entry_sluice, dreamdust_mushroom_princess,
          minmay_misc_feat_doors
D:7:      layout_basic, lemuel_mausoleum_altar_kikubaaqudgha, uniq_maggie
D:8:      layout_cave_pools, ashenzari_conservatory_becter,
          gammafunk_ghost_grave, minmay_ruined_shrine
D:9:      layout_loops_ring, mainiacjoe_overflow_surrounded_room,
          fedhas_altar_fruit_tree, david_orc_2
D:10:     lemuel_castle_with_subvaults [lemuel_castle_interior_original],
          layout_irregular_city, grunt_temple_overflow_open, dpeg_oklobed_lair,
          serial_shops, nicolae_diamond_shop
D:11:     layout_stronghold
D:12:     layout_rooms, serial_shops, shop, okawaru_ov_weapons_minmay
D:13:     layout_basic, erik_vaults_1, gammafunk_ghost_smash
D:14:     cheibrodos_wizards_tower, layout_basic
D:15:     grunt_enter_depths_magical_seal, layout_loops_ring, lemuel_tele_altar,
          uniq_agnes
Temple:   hellmonk_temple_flake
Lair:1:   layout_layer_cave, grunt_megastairs_3, lemuel_fruit_tree
Lair:2:   layout_regular_city, gammafunk_ghost_hydra_chop, worms_lemuel,
          infiniplex_staircase_pool_2
Lair:3:   layout_roguey, elwin_shoals_entry_rocks, dummy_spider_entry,
          maelrawn_ghost_gauntlet_escape
Lair:4:   layout_long_grid, grunt_megastairs_1
Lair:5:   due_jungle_book, layout_big_grid, nicolae_slime_entry_slimehenge,
          ebering_ghost_funeral_grove, grunt_megastairs_4
Shoals:1: layout_shoals, nicolae_take_the_stairs, uniq_jorgrun
Shoals:2: layout_shoals, nicolae_shoals_land_atoll
Shoals:3: layout_shoals, gammafunk_ghost_grave
Shoals:4: shoals_end_grunt_ice, layout_shoals, nicolae_shoals_loop_pool
Spider:1: layout_spider_delve
Orc:1:    layout_caves, nicolae_orc_rockfall, minmay_orc_treasury
Orc:2:    grunt_orc_community_town_hall, layout_caves,
          grunt_orc_community_big_house_2, grunt_orc_community_big_house_1,
          grunt_orc_community_house_1, grunt_orc_community_house_3,
          grunt_orc_community_house_1, grunt_orc_community_house_2,
          grunt_orc_community_house_3, grunt_orc_community_house_3, basic_altar
Elf:1:    nicolae_elf_arrival_fired_up, layout_loops_cross,
          hangedman_elf_disciples
Elf:2:    nicolae_elf_blades_crystal_corner, layout_gridlike, serial_shops,
          nicolae_shop_trees, hangedman_elven_pyramids, minmay_elf_demonology
Elf:3:    elf_hall, layout_rooms, serial_shops, nicolae_shop_trees,
          mu_enter_wizlab_1
Vaults:1: ontoclasm_vaults_tryst, nicolae_vaults_taking_the_gang_shopping,
          v_misc_16, vaults_dpeg_hooks, nicolae_vaults_specimen_jars,
          nicolae_vaults_angled_halls, hangedman_vaults_slice,
          nicolae_vaults_shipping_containers_3, hangedman_vaults_locks,
          nicolae_vaults_closet_pinwheel_6, v_misc_28, vaults_mumra_lcd,
          hangedman_vaults_cutoff, layout_vaults_maze_snakey
Depths:1: layout_cave_pools, serial_shops, nicolae_shop_waterfront,
          lightli_too_deep, chequers_serial_rivers_marsh, st_stairs_2,
          nicolae_gozag_zags_fifth_avenue
WizLab:   wizlab_yara

Skill      XL: |  1  2  3  4  5  6  7  8  9 10 11 12 13 14 15 16 17 18 |
---------------+-------------------------------------------------------+-----
Spellcasting   | 1 3 4 5 6 7 8 9 10 11 12 13 | 13.4
Ranged Weapons | 1 2 3 4 5 6 7 8 9 |  9.1
Fighting       | 4 5 6 7 8 9 10 11 | 11.3
Alchemy        | 2 4 6 7 8 |  8.0
Armour         | 1 3 6 7 8 |  8.5
Dodging        | 2 3 4 5 6 7 |  7.0
Conjurations   | 1 2 4 6 8 10 11 12 13 | 13.6
Maces & Flails | 4 |  4.0
Evocations     | 2 3 6 9 10 | 10.6
Stealth        | 7 8 |  8.7
Fire Magic     | 2 5 6 |  6.0
Necromancy     | 1 2 3 5 |  5.5
Shields        | 4 7 8 |  8.5
Earth Magic    | 1 5 |  5.0
Translocations | 4 6 7 8 |  8.2
Long Blades    | 1 3 |  3.0
Ice Magic      | 4 5 |  5.9
Air Magic      | 2 4 |  4.2

Action                     |  1- 3 |  4- 6 |  7- 9 | 10-12 | 13-15 | 16-18 | 19-21 || total
---------------------------+-------+-------+-------+-------+-------+-------+-------++-------
  Melee: Mace              |    43 |    80 |       |       |       |       |       ||   123
         Whip              |       |    36 |   216 |   161 |   303 |    28 |       ||   744
         Punch             |       |       |     2 |       |     2 |       |       ||     4
         Morningstar       |       |       |       |       |    20 |       |       ||    20
         Flail             |       |       |       |       |    18 |   104 |       ||   122
         Long sword        |       |       |       |       |       |   193 |       ||   193
   Fire: Sling             |       |   155 |    42 |       |       |       |       ||   197
         Shortbow          |       |       |    15 |     8 |       |       |       ||    23
         Orcbow            |       |       |       |   188 |   360 |   177 |     1 ||   726
  Throw: Stone             |     5 |       |       |       |       |       |       ||     5
         Dart              |     2 |       |     3 |    11 |     6 |     2 |       ||    24
         Throwing net      |       |       |     1 |       |       |       |       ||     1
   Cast: Olgreb's Toxic Ra |       |       |     1 |    82 |   124 |   134 |     6 ||   347
         Ignite Poison     |       |       |       |    57 |   133 |   143 |     8 ||   341
         Orb of Destructio |       |       |       |       |    62 |   137 |     2 ||   201
         Stone Arrow       |       |       |       |       |    19 |    31 |       ||    50
         Sublimation of Bl |       |       |       |       |     7 |    58 |    14 ||    79
         Fireball          |       |       |       |       |       |    21 |       ||    21
         Passage of Golubr |       |       |       |       |       |    13 |     6 ||    19
         Freezing Cloud    |       |       |       |       |       |   106 |     8 ||   114
Ability: Dig               |       |       |     2 |     6 |     3 |     4 |       ||    15
         Evoke Invisibilit |       |       |       |       |       |     3 |     1 ||     4
         Shaft Self        |       |       |       |       |       |     7 |       ||     7
  Evoke: Wand              |       |       |     3 |     6 |     2 |    12 |       ||    23
         Phial of floods   |       |       |       |       |       |     2 |       ||     2
    Use: Scroll            |       |     8 |     3 |    11 |     9 |     6 |     2 ||    39
         Potion            |       |     3 |     2 |     3 |     6 |     6 |       ||    20
   Stab: Sleeping          |     1 |       |     1 |     1 |     2 |       |       ||     5
         Petrified         |       |       |       |     2 |       |       |       ||     2
         Invisible         |       |       |       |       |       |     6 |       ||     6
 Armour: Leather armour    |    25 |    50 |       |       |       |     1 |    15 ||    91
         Scale mail        |       |    53 |   168 |       |       |       |       ||   221
         Swamp dragon scal |       |       |       |   150 |   177 |   254 |       ||   581
         Steam dragon scal |       |       |       |       |   131 |   139 |       ||   270
  Dodge: Dodged            |    18 |    89 |   125 |   135 |   282 |   209 |    14 ||   872
  Block: Other             |       |    31 |    51 |    57 |    19 |       |       ||   158
         Reflection        |       |       |       |    13 |    14 |    53 |     1 ||    81
         Buckler           |       |       |       |       |   305 |   297 |     8 ||   610

Table legend: (Time is in decaauts)
 A = Elapsed time spent in this place.
 B = Non-inter-level travel time spent in this place.
 C = Inter-level travel time spent in this place.
 D = Time resting spent in this place.
 E = Time spent auto-exploring this place.
 F = Levels seen in this place.
 G = Mean time per level.
                   A        B        C        D        E       F      G
               +--------+--------+--------+--------+--------+-----+--------+
         Total |  49286 |  45680 |   3606 |  15277 |  13939 |  34 | 1449.6 |
       Dungeon |  20200 |  18742 |   1458 |   4519 |   8668 |  15 | 1346.7 |
        Temple |    410 |    402 |      8 |    307 |      0 |   1 |  410.0 |
          Lair |   8181 |   7095 |   1086 |   2122 |   2419 |   5 | 1636.2 |
        Shoals |  11439 |  10907 |    532 |   4879 |   1895 |   4 | 2859.8 |
   Spider Nest |     79 |     79 |      0 |     22 |      0 |   1 |   79.0 |
  Orcish Mines |   4535 |   4096 |    439 |   1752 |    577 |   2 | 2267.5 |
   Elven Halls |   3420 |   3338 |     82 |   1349 |    380 |   3 | 1140.0 |
        Vaults |      3 |      3 |      0 |      0 |      0 |   1 |    3.0 |
        Depths |    129 |    129 |      0 |      3 |      0 |   1 |  129.0 |
        Wizlab |    885 |    885 |      0 |    323 |      0 |   1 |  885.0 |
               +--------+--------+--------+--------+--------+-----+--------+

Top non-repeatable levels by time:
Shoals:4: 3671 daAuts
Shoals:3: 3464 daAuts
   Elf:1: 2490 daAuts
     D:9: 2457 daAuts
   Orc:1: 2378 daAuts
Shoals:2: 2371 daAuts
    D:10: 2189 daAuts
   Orc:2: 2156 daAuts
    D:15: 2050 daAuts
  Lair:3: 2010 daAuts
Shoals:1: 1931 daAuts
  Lair:5: 1887 daAuts
  Lair:1: 1839 daAuts
  Lair:2: 1602 daAuts
     D:7: 1458 daAuts
